 Dungeon Crawl Stone Soup version 0.30.1-9-gdf580d7c3d (webtiles) character file.

Game seed: 10298782099095567659

1218 KittyFluff the Cudgeller (level 8, 0/50 HPs)
             Began as a Gargoyle Berserker on Oct 14, 2023.
             Was a Priest of Trog.
             Slain by an iguana (9 damage)
             ... on level 5 of the Dungeon.
             The game lasted 00:14:40 (4343 turns).

KittyFluff the Cudgeller (Gargoyle Berserker)       Turns: 4343, Time: 00:14:40

Health: 0/50       AC: 10    Str: 23    XL:     8   Next: 46%
Magic:  8/8        EV: 12    Int:  8    God:    Trog [***...]
Gold:   357        SH:  0    Dex:  9    Spells: 7/7 levels left

rFire   . . .        t - +4 mace
rCold   . . .        (no shield)
rNeg    + . .        p - +0 leather armour
rPois   ∞            x - +0 helmet
rElec   +            (no cloak)
rCorr   .            (no gloves)
SInv    +            (no boots)
Will    .....        (no amulet)
Stlth   +            e - ring of see invisible
HPRegen 0.28/turn    (no ring)
MPRegen 0.11/turn

%: no passive effects
@: no status effects
A: sickness immunity, AC +5, negative energy resistance 1, electricity
resistance, torment resistance 1, petrification resistance
a: Renounce Religion, Berserk, Trog's Hand


You were on level 5 of the Dungeon.
You worshipped Trog.
Trog was most pleased with you.
You visited 1 branch of the dungeon, and saw 5 of its levels.

You collected 357 gold pieces.

Inventory:

Hand Weapons
 t - a +4 mace (weapon)
Missiles
 c - 16 poisoned darts (quivered)
 r - a boomerang
 s - a curare-tipped dart
Armour
 p - a +0 leather armour (worn)
 x - a +0 helmet (worn)
Jewellery
 e - a ring of see invisible (left hand)
Wands
 v - a wand of flame (24)
Scrolls
 g - a scroll of fog {unknown}
 h - a scroll of torment {unknown}
 j - 2 scrolls of identify {unknown}
 l - a scroll of magic mapping {unknown}
 o - a scroll of teleportation {unknown}
 q - 2 scrolls of poison {unknown}
Potions
 a - 2 potions of heal wounds {unknown}
 b - 2 potions of resistance {unknown}
 d - 2 potions of lignification {unknown}
 f - 2 potions of invisibility {unknown}
 i - 2 potions of mutation {unknown}
 k - 7 potions of curing {unknown}
 n - a potion of attraction {unknown}
 u - a potion of flight {unknown}
 w - 3 potions of degeneration {unknown}


   Skills:
 + Level 5.4 Fighting
 * Level 6.5 Maces & Flails
 * Level 6.5 Armour
 + Level 3.6 Dodging


You had 7 spell levels left.
You didn't know any spells.
Your spell library was empty.

Dungeon Overview and Level Annotations

Branches:
Dungeon (5/15)
 Temple: D:4-7

Altars:
Elyvilon
Hepliaklqana
Makhleb
Nemelex Xobeh
Qazlal
Xom
Yredelemnul

Shops:
D:4 (


Innate Abilities, Weirdness & Mutations

You are immune to sickness and miasma.
Your stone body is resilient. (AC +5)
You are immune to poison.
You resist negative energy. (rN+)
You are resistant to electric shocks. (rElec)
You are resistant to unholy torment.
You are immune to petrification.


Message History

The quokka bites you.
You hit the orc.
The orc is almost dead.
The quokka twitches its whiskers.
The quokka closely misses you. The orc closely misses you.
The quokka bites you but does no damage.
You barely miss the orc.
The orc is almost dead.
The orc hits you but does no damage. The quokka closely misses you.
You barely miss the orc.
The orc is almost dead.
The quokka closely misses you. The orc barely misses you.
You thump the orc!
You kill the orc!
Trog accepts your kill.
The quokka bites you but does no damage.
The iguana hisses menacingly.
The quokka misses you.
You hit the iguana.
The iguana is lightly wounded.
The iguana bites you. The quokka barely misses you.
The iguana bites you but does no damage.
You completely miss the iguana.
The iguana is lightly wounded.
The quokka closely misses you. The iguana bites you!
* * * LOW HITPOINT WARNING * * *
You completely miss the iguana.
The iguana is lightly wounded.
The quokka bites you but does no damage.
The iguana bites you.
* * * LOW HITPOINT WARNING * * *
The quokka barely misses you.
You closely miss the iguana.
The iguana is lightly wounded.
The quokka completely misses you.
The iguana bites you but does no damage.
You sock the iguana!
The iguana is almost dead.
The quokka barely misses you. The iguana bites you!
You die...

....................#
....................#
..................#.#
#################.#.#
.........#.# #
###.........#
........?<..#
##.......r########.
#########.......@l........
........#.......)#........
........#........#........
........#........#........
........#####'####........
........# ###.####........
........# #.....##..o.....
........# #.....##..l.....
........# #.....#


You could see an iguana and a quokka.

Vanquished Creatures
  Grinder (D:3)
  Eustachio (D:4)
  Menkaure (D:4)
  A water moccasin (D:5)
  A phantom (D:4)
  A kobold brigand (D:3)
  The ghost of dolphinEJ the Conjurer, a weakling DgCj (D:3)
  A crimson imp (D:4)
  2 hounds (D:4)
  A jelly (D:4)
  2 orc priests (D:3)
  A sleepcap (D:4)
  An iguana (D:5)
  Natasha (thrice) (D:3)
  An orc wizard (D:5)
  Robin (D:4)
  3 adders
  A white imp (D:4)
  An ufetubus (D:3)
  4 worms
  3 dart slugs
  10 orcs
  8 ball pythons
  4 endoplasms
  A giant cockroach (D:1)
  8 goblins
  9 hobgoblins
  3 quokkas
  6 bats
  6 frilled lizards
  6 kobolds
  8 rats
101 creatures vanquished.

Notes
Turn   | Place    | Note
-------+----------+-------------------------------------------
     0 | D:1      | KittyFluff the Gargoyle Berserker began the quest for the
                  | Orb.
     0 | D:1      | Reached XP level 1. HP: 14/14 MP: 1/1
    61 | D:1      | Reached XP level 2. HP: 19/19 MP: 2/2
   263 | D:1      | Reached XP level 3. HP: 20/23 MP: 3/3
   336 | D:1      | Reached ** piety under Trog
  1247 | D:3      | Found a burning altar of Makhleb.
  1247 | D:3      | Noticed Natasha
  1255 | D:3      | Killed Natasha
  1256 | D:3      | Reached XP level 4. HP: 9/29 MP: 4/4
  1377 | D:3      | Found a sparkling altar of Nemelex Xobeh.
  1435 | D:3      | Found a basalt altar of Yredelemnul.
  1548 | D:3      | Noticed Natasha
  1563 | D:3      | Killed Natasha
  1584 | D:3      | Reached XP level 5. HP: 25/33 MP: 5/5
  1650 | D:3      | Noticed a kobold brigand
  1679 | D:3      | Killed a kobold brigand
  1837 | D:3      | Found a shimmering altar of Xom.
  1837 | D:3      | Found a white marble altar of Elyvilon.
  1878 | D:3      | Reached XP level 6. HP: 29/38 MP: 6/6
  2068 | D:3      | Reached *** piety under Trog
  2108 | D:3      | Noticed Grinder
  2116 | D:3      | Paralysed by Grinder for 4 turns
  2120 | D:3      | Killed Grinder
  2121 | D:3      | Reached skill level 5 in Maces & Flails
  2121 | D:3      | Reached XP level 7. HP: 35/44 MP: 7/7
  2189 | D:3      | Found a runed translucent gate.
  2189 | D:3      | Found a runed translucent gate.
  2189 | D:3      | Found a runed translucent gate.
  2190 | D:3      | Noticed dolphinEJ's ghost (weakling DgCj)
  2205 | D:3      | Killed dolphinEJ's ghost
  2250 | D:3      | Noticed Natasha
  2265 | D:3      | Killed Natasha
  2266 | D:3      | Reached skill level 5 in Armour
  2579 | D:3      | Found a stormy altar of Qazlal.
  2581 | D:3      | Noticed a water elemental
  2581 | D:3      | Noticed an air elemental
  2582 | D:3      | Noticed a fire elemental
  2995 | D:4      | Noticed Eustachio
  3013 | D:4      | Killed Eustachio
  3083 | D:4      | Noticed Menkaure
  3093 | D:4      | Reached skill level 5 in Fighting
  3097 | D:4      | Killed Menkaure
  3098 | D:4      | Reached XP level 8. HP: 22/49 MP: 8/8
  3252 | D:4      | Found a hazy altar of Hepliaklqana.
  3485 | D:4      | Found Paefuoc's Weapon Shop.
  3658 | D:4      | Noticed Robin
  3670 | D:4      | Killed Robin
  4135 | D:5      | Entered Level 5 of the Dungeon
  4343 | D:5      | Slain by an iguana

Illustrated notes

Levels and vault maps discovered:
D:1:      amcnicky_arrival_choice, layout_rooms, minmay_pentomino_r2
D:2:      layout_loops_ring
D:3:      layout_loops_cross, lemuel_coloured_pillars_altar,
          nicolae_qazlal_style_of_elements, nemelex_diamond_rough_becter,
          gammafunk_temple_overflow_wave, mainiacjoe_overflow_boulevard,
          ebering_ghost_rock_garden, uniq_natasha, uniq_grinder
D:4:      layout_basic, worldfamousw_hep_ancestral_shrine,
          nicolae_stop_n_shop_2, minmay_fire_ice_demons, uniq_robin,
          uniq_eustachio, uniq_menkaure
D:5:      layout_basic, enter_ossuary_4

Skill      XL: |  1  2  3  4  5  6  7 |
---------------+----------------------+-----
Dodging        | 2 3 |  3.6
Armour         | 3 4 6 |  6.5
Maces & Flails | 4 5 6 |  6.5
Fighting       | 4 5 |  5.4

Action                     |  1- 3 |  4- 6 |  7- 9 || total
---------------------------+-------+-------+-------++-------
  Melee: Mace              |   115 |   101 |   166 ||   382
         Punch             |       |       |     1 ||     1
 Invoke: Berserk           |       |     1 |     1 ||     2
    Use: Scroll            |       |       |     1 ||     1
 Armour: Animal skin       |    55 |       |       ||    55
         Leather armour    |     2 |    26 |   123 ||   151
  Dodge: Dodged            |    93 |    58 |   170 ||   321
